Map: Pillars of Gold LE

Players

Krystianer

  • Race: Protoss Protoss
  • League: Grandmaster
  • Spawn Location: 1:00

Rail - Winner!

  • Race: Protoss Protoss
  • Spawn Location: 7:00

Event: DreamHack SC2 Masters 2020 Winter

VOD

Have the link to the VOD?

Description

Time

  • Played on: Oct. 16, 2020, 2:08 p.m.
  • Length: 24:24

All games in this series

Show
View Real Time Build Order
Export as new Build Order

Krystianer Protoss 

Build Orders:  

Get SALT Encoding   

  12  0:00  Probe  
  13  0:12  Probe  
  14  0:17  Pylon  
  14  0:24  Probe (Chrono Boost)  
  15  0:37  Probe (Chrono Boost)  
  15  0:38  Gateway  
  16  0:42  Probe (Chrono Boost)  
  16  0:47  Assimilator  
  17  0:52  Probe (Chrono Boost)  
  17  0:56  Assimilator  
  18  1:04  Probe (Chrono Boost)  
  19  1:13  Probe (Chrono Boost)  
  19  1:16  Gateway  
  20  1:18  Probe  
  21  1:28  Cybernetics Core  
  21  1:31  Probe  
  22  1:37  Pylon  
  22  1:43  Probe  
  23  1:55  Probe  
  24  2:03  Stalker (Chrono Boost)  
  28  2:11  Stalker (Chrono Boost)  
  28  2:13  Pylon  
  28  2:20  Warp Gate (Chrono Boost)  
  28  2:24  Stalker  
  30  2:30  Gateway  
  30  2:39  Stalker  
  32  2:54  Stalker  
  32  2:56  Shield Battery  
  35  3:21  Pylon  
  35  3:23  Stalker, Pylon  
  33  3:36  Pylon  
  33  3:45  Gateway  
  33  4:01  Stalker x2  
  37  4:15  Gateway  
  37  4:24  Stalker x2  
  41  4:41  Stalker  
  41  4:44  Pylon  
  43  4:47  Stalker  
  43  4:48  Stalker  
  47  5:04  Stalker  
  49  5:11  Stalker  
  49  5:13  Stalker  
  51  5:21  Sentry  
  51  5:27  Shield Battery  
  53  5:32  Pylon  
  53  5:40  Stalker  
  55  5:52  Stalker  
  55  5:56  Stalker  
  59  6:05  Stalker  
  61  6:18  Stalker  
  63  6:31  Adept  
  63  6:34  Pylon  
  63  6:46  Adept  
  61  6:47  Stalker  
  63  6:58  Stalker  
  65  7:08  Stalker  
  67  7:11  Pylon  
  67  7:17  Stalker  
  69  7:24  Stalker  
  71  7:41  Twilight Council  
  71  7:59  Stalker x2  
  71  8:01  Stalker  
  75  8:12  Pylon  
  75  8:24  Stalker  
  77  8:29  Stalker  
  73  9:06  Stalker x2  
  75  9:18  Blink (Chrono Boost)  
  75  9:20  Phoenix  
  71  9:58  Stalker x3  
  39  10:26  Stalker x2  
  42  10:30  Stalker  
  42  10:49  Sentry  
  44  10:50  Stalker  
  46  10:58  Stalker  
  42  11:27  Dark Shrine  
  42  11:31  Sentry  
  44  11:35  Stalker  
  40  12:40  Stalker x3  
  40  12:41  Pylon  
  46  13:15  Dark Templar, Nexus  
  48  13:28  Dark Templar  
  50  13:46  Charge (Chrono Boost)  
  50  14:21  Sentry x2  
  52  14:30  Stalker  
  54  15:09  Pylon  
  54  15:16  Dark Templar x2  
  54  15:21  Archon  
  56  15:22  Dark Templar  
  58  15:29  Shield Battery  
  58  15:36  Assimilator  
  58  15:48  Dark Templar x2  
  60  15:59  Archon  
  60  16:00  Probe  
  61  16:07  Dark Templar  
  63  16:17  Gateway  
  62  16:27  Stalker x2  
  62  17:03  Zealot x3  
  68  17:12  Nexus  
  68  17:15  Pylon  
  68  17:17  Probe  
  68  17:18  Probe  
  70  17:26  Robotics Facility  
  66  17:45  Stalker x3  
  70  17:56  Stalker  
  64  18:23  Probe (Chrono Boost)  
  65  18:28  Assimilator  
  65  18:33  Probe (Chrono Boost)  
  67  18:36  Probe (Chrono Boost)  
  67  18:38  Probe (Chrono Boost)  
  68  18:42  Zealot x4  
  77  18:50  Probe (Chrono Boost)  
  77  18:52  Probe (Chrono Boost)  
  78  18:58  Probe (Chrono Boost)  
  78  19:02  Robotics Bay  
  79  19:04  Probe  
  80  19:13  Assimilator  
  80  19:16  Probe (Chrono Boost)  
  82  19:17  Assimilator  
  82  19:21  Warp Prism (Chrono Boost), Probe (Chrono Boost)  
  82  19:27  Probe (Chrono Boost)  
  82  19:30  Stalker  
  87  19:32  Probe (Chrono Boost)  
  87  19:33  Probe (Chrono Boost)  
  89  19:42  Probe  
  89  19:45  Probe (Chrono Boost)  
  91  19:47  Dark Templar  
  91  19:51  Shadow Stride (Chrono Boost)  
  91  19:54  Probe (Chrono Boost)  
  92  20:04  Dark Templar  
  92  20:05  Probe (Chrono Boost)  
  95  20:09  Probe (Chrono Boost)  
  95  20:11  Dark Templar  
  98  20:21  Probe  
  97  20:33  Probe  
  96  20:40  Zealot x3  
  100  20:44  Disruptor (Chrono Boost)  
  100  20:45  Probe  
  96  20:55  Stalker x3  
  100  20:57  Stalker, Probe  
  100  20:59  Forge  
  103  21:09  Disruptor (Chrono Boost), Probe  
  106  21:20  Robotics Facility  
  106  21:21  Probe  
  105  21:26  Stalker x2, Zealot  
  105  21:27  Zealot  
  111  21:33  Gateway, Probe  
  111  21:35  Disruptor (Chrono Boost)  
  111  21:37  Gateway  
  91  21:49  Stalker x3  
  95  22:03  Protoss Ground Weapons Level 1 (Chrono Boost)  
  93  22:26  Observer (Chrono Boost)  
  94  22:41  Stalker x2  
  96  22:48  Stalker  
  97  23:18  Stalker, Nexus, Pylon  
  98  23:30  Disruptor (Chrono Boost)  
  101  23:41  Zealot  
  74  24:15  Stalker x3  
Show
View Real Time Build Order
Export as new Build Order

Rail Protoss - Winner!

Build Orders: Proxy Void Ray 

Get SALT Encoding   

  12  0:01  Probe  
  13  0:13  Probe  
  14  0:19  Pylon  
  14  0:25  Probe (Chrono Boost)  
  15  0:38  Probe (Chrono Boost)  
  15  0:40  Gateway  
  16  0:45  Probe (Chrono Boost)  
  16  0:47  Assimilator  
  17  0:52  Probe  
  17  0:56  Assimilator  
  18  1:04  Probe  
  19  1:16  Probe  
  20  1:27  Cybernetics Core  
  20  1:28  Probe  
  21  1:35  Pylon  
  21  1:40  Probe  
  22  1:53  Probe  
  23  2:03  Stargate  
  23  2:04  Adept  
  23  2:08  Shield Battery  
  25  2:10  Shield Battery  
  25  2:15  Shield Battery  
  25  2:18  Shield Battery  
  25  2:31  Shield Battery  
  25  2:38  Void Ray (Chrono Boost)  
  25  2:49  Shield Battery  
  30  2:55  Pylon  
  29  3:01  Shield Battery  
  29  3:05  Void Ray (Chrono Boost)  
  31  3:21  Robotics Facility  
  31  3:36  Void Ray (Chrono Boost)  
  31  3:39  Shield Battery  
  31  3:42  Pylon  
  35  3:49  Shield Battery  
  35  4:08  Immortal (Chrono Boost)  
  39  4:14  Shield Battery  
  39  4:39  Immortal (Chrono Boost)  
  39  4:42  Void Ray (Chrono Boost)  
  43  4:52  Pylon  
  47  5:16  Warp Prism  
  47  5:17  Void Ray (Chrono Boost)  
  53  5:34  Pylon  
  53  5:47  Void Ray  
  57  5:59  Pylon  
  58  6:05  Immortal  
  61  6:31  Void Ray  
  61  6:55  Nexus  
  61  6:59  Observer (Chrono Boost)  
  62  7:13  Immortal  
  66  7:23  Pylon  
  66  7:34  Void Ray  
  70  7:51  Shield Battery  
  70  7:56  Immortal  
  74  7:58  Observer  
  74  8:03  Pylon  
  74  8:08  Warp Gate  
  74  8:26  Void Ray  
  74  8:27  Probe  
  79  8:39  Probe  
  80  8:42  Gateway  
  80  8:53  Shield Battery  
  75  9:04  Probe  
  76  9:10  Probe  
  75  9:31  Probe  
  76  9:59  Sentry  
  78  10:00  Zealot  
  60  10:10  Probe  
  60  10:12  Robotics Facility  
  53  10:14  Stargate  
  41  10:22  Probe  
  41  10:24  Stalker  
  41  10:25  Zealot, Probe  
  47  10:34  Probe  
  46  10:37  Probe  
  47  10:46  Probe  
  47  10:47  Sentry  
  47  10:48  Stalker  
  52  10:54  Gateway  
  52  11:10  Probe  
  55  11:13  Observer  
  55  11:19  Zealot  
  55  11:23  Probe, Immortal (Chrono Boost)  
  59  11:29  Stalker  
  61  11:39  Probe  
  62  11:42  Stalker  
  62  11:43  Pylon  
  62  11:53  Zealot  
  64  11:59  Immortal (Chrono Boost)  
  55  12:23  Probe  
  55  12:25  Stalker x2  
  59  12:32  Shield Battery  
  59  12:33  Probe  
  59  12:36  Probe  
  59  12:45  Shield Battery  
  59  12:50  Probe  
  59  12:52  Assimilator  
  59  12:55  Stalker  
  61  13:02  Probe  
  61  13:03  Stalker  
  64  13:11  Zealot  
  64  13:12  Probe  
  67  13:18  Zealot  
  69  13:22  Shield Battery  
  69  13:27  Stalker  
  69  13:29  Probe  
  72  13:40  Observer  
  72  13:41  Pylon  
  72  13:46  Twilight Council  
  72  13:51  Stalker  
  74  13:57  Observer (Chrono Boost)  
  74  13:59  Zealot  
  77  14:05  Stalker  
  77  14:07  Probe  
  80  14:14  Blink (Chrono Boost), Probe  
  75  14:19  Probe  
  75  14:27  Probe  
  76  14:36  Stalker  
  78  14:41  Probe  
  80  14:46  Observer  
  80  14:49  Stalker  
  82  15:00  Stalker  
  83  15:07  Probe  
  83  15:13  Probe  
  83  15:16  Stalker  
  85  15:25  Pylon, Probe  
  85  15:28  Observer  
  87  15:33  Stalker  
  87  15:34  Observer  
  89  15:41  Stalker  
  91  15:44  Probe  
  92  15:58  Probe  
  92  16:02  Probe  
  92  16:03  Assimilator  
  94  16:06  Robotics Bay  
  94  16:09  Stalker  
  96  16:12  Stalker  
  96  16:14  Observer  
  96  16:15  Probe  
  99  16:31  Observer  
  99  16:36  Nexus  
  99  16:38  Probe  
  100  16:43  Probe  
  101  16:47  Observer  
  101  16:54  Stalker  
  101  16:56  Stalker  
  105  17:05  Observer (Chrono Boost)  
  106  17:15  Gateway  
  106  17:16  Probe x2  
  106  17:17  Pylon  
  106  17:21  Stalker  
  110  17:30  Pylon  
  110  17:35  Disruptor, Probe  
  114  17:38  Stalker  
  114  17:39  Probe  
  116  17:47  Probe  
  116  17:48  Probe  
  118  17:54  Shield Battery  
  118  18:00  Probe  
  115  18:08  Stalker x3  
  121  18:26  Disruptor  
  124  18:28  Probe  
  124  18:29  Probe x2  
  124  18:30  Assimilator  
  124  18:31  Assimilator  
  124  18:33  Gateway  
  127  18:35  Pylon  
  127  18:39  Stalker  
  127  18:40  Probe  
  130  18:44  Forge  
  130  18:52  Stalker  
  130  18:53  Probe  
  133  19:01  Stalker  
  135  19:06  Pylon  
  135  19:08  Pylon  
  135  19:14  Protoss Ground Weapons Level 1 (Chrono Boost)  
  135  19:15  Stalker x2  
  139  19:22  Photon Cannon  
  139  19:25  Photon Cannon  
  139  19:28  Observer  
  140  19:34  Pylon  
  140  19:42  Gateway  
  140  19:43  Gateway  
  140  19:44  Stalker x2  
  142  19:51  Stalker  
  144  19:56  Photon Cannon  
  144  20:03  Disruptor  
  147  20:22  Nexus  
  147  20:31  Stalker x2  
  151  20:39  Shield Battery  
  151  20:45  Disruptor  
  154  20:52  Stalker x2  
  154  20:54  Gravitic Boosters  
  158  21:06  Stalker  
  158  21:07  Stalker  
  158  21:10  Photon Cannon  
  162  21:17  Stalker  
  160  21:43  Stalker x4  
  165  21:51  Photon Cannon  
  163  21:57  Stalker x2  
  167  22:01  Probe  
  167  22:04  Pylon  
  167  22:06  Stalker x2  
  172  22:13  Probe  
  173  22:27  Pylon, Probe  
  174  22:34  Pylon  
  174  22:35  Charge  
  174  22:36  Stalker x2  
  174  22:37  Stalker  
  180  22:51  Disruptor  
  180  22:52  Assimilator  
  183  23:06  Stalker x2  
  183  23:11  Stalker x2  
  191  23:27  Disruptor  
  188  23:28  Stalker x2  
  192  23:56  Stalker x2  
  192  23:57  Stalker  
Tags
 
Add a new tag
Caveats
  • Supply blocks, unpowered buildings, or Contaminate may cause inaccurate times.
  • Supply counts are checked every 10 seconds.